 Dungeon Crawl Stone Soup version 0.29.1-2-gbd0b4ee654 (webtiles) character file.

Game seed: 2865607342834091976

303 warriortoast the Conjurer (level 6, -2/32 HPs)
             Began as a Deep Elf Conjurer on Oct 25, 2022.
             Killed by nerve-wracking pain
             ... invoked by Menkaure
              (3 damage)
             ... on level 4 of the Dungeon.
             The game lasted 00:09:09 (4165 turns).

warriortoast the Conjurer (Deep Elf Conjurer)       Turns: 4165, Time: 00:09:09

Health: -2/32      AC:  5    Str:  4    XL:     6   Next: 15%
Magic:  15/16      EV: 12    Int: 25    God:
Gold:   156        SH:  0    Dex: 13    Spells: 4/16 levels left

rFire   . . .      SeeInvis .   c - +0 short sword
rCold   . . .      Faith    .   (no shield)
rNeg    . . .      Spirit   .   a - +0 robe
rPois   .          Reflect  .   t - +0 helmet
rElec   .          Harm     .   (no cloak)
rCorr   .          Rampage  .   x - +0 pair of gloves
Will    .....                   y - +0 pair of boots
Stlth   ++........              (no amulet)
HPRegen 0.10/turn               (no ring)
MPRegen 0.15/turn               (no ring)

@: no status effects
A: no striking features
a: no special abilities


You were on level 4 of the Dungeon.
You visited 1 branch of the dungeon, and saw 4 of its levels.

You collected 156 gold pieces.

Inventory:

Hand Weapons
 c - a +0 short sword (weapon)
Armour
 a - a +0 robe (worn)
 t - a +0 helmet (worn)
 x - a +0 pair of gloves (worn)
 y - a +0 pair of boots (worn)
Jewellery
 w - an amulet of faith
Scrolls
 f - 3 scrolls of fog {unknown}
 g - 2 scrolls of blinking {unknown}
 h - a scroll of enchant weapon {unknown}
 i - 2 scrolls of amnesia {unknown}
 j - 3 scrolls of identify {unknown}
 m - a scroll of immolation {unknown}
 n - a scroll of magic mapping {unknown}
 o - 4 scrolls of teleportation {unknown}
 q - a scroll of vulnerability {unknown}
Potions
 b - 2 potions of magic
 d - a potion of ambrosia {unknown}
 e - 5 potions of curing {unknown}
 k - 2 potions of lignification {unknown}
 l - a potion of attraction {unknown}
 p - 3 potions of heal wounds {unknown}
 r - 2 potions of cancellation {unknown}
 s - a potion of might {unknown}
 u - a potion of brilliance {unknown}
 v - a potion of mutation {unknown}


   Skills:
 - Level 2.4 Dodging
 - Level 2.4 Stealth
 + Level 5.8 Spellcasting
 + Level 6.1 Conjurations
 + Level 3.8 Hexes


You had 4 spell levels left.
You knew the following spells:

 Your Spells              Type           Power      Damage    Failure   Level
a - Magic Dart            Conj           100%       1d8       1%          1
b - Dazzling Flash        Conj/Hex       64%        N/A       3%          3
c - Fulminant Prism       Conj/Hex       16%        3d11      10%         4
d - Iskenderun's Mystic   Conj/Tloc      22%        2d6       22%         4

Your spell library contained the following spells:

 Spells                   Type           Power      Damage    Failure   Level
 Searing Ray              Conj           74%        2d7       1%          2
 Necrotise                Necr           28%        1d5       8%          1
 Sublimation of Blood     Necr           7%         N/A       12%         2
 Wereblood                Tmut           7%         N/A       12%         2
 Vampiric Draining        Necr           7%         2d6       22%         3
 Petrify                  Tmut/Erth      7%         N/A       58%         4
 Iskenderun's Battlesphe  Conj           37%        2d9       17%         5
 Fireball                 Conj/Fire      11%        3d7       52%         5
 Irradiate                Conj/Tmut      11%        3d15      52%         5
 Freezing Cloud           Conj/Ice/Air   8%         6-21      67%         5
 Agony                    Necr           7%         N/A       91%         5
 Conjure Ball Lightning   Conj/Air       11%        3x3d6     97%         6
 Orb of Destruction       Conj           18%        9d8       99%         7
 Simulacrum               Ice/Necr       3%         N/A       100%        6
 Polar Vortex             Ice            3%         N/A       100%        9


Dungeon Overview and Level Annotations

Branches:
Dungeon (4/15)             Temple (0/1) D:4

Altars:

Shops:
D:1 ==   D:4 *

Annotations:
D:4 Menkaure


Message History

You start putting on your armour.
You continue putting on your +0 pair of boots. x4
You finish putting on your +0 pair of boots.
Found a staircase to the Ecumenical Temple.
Menkaure and a hound come into view.
Menkaure shouts!
The hound barks!
The hound attacks as you move away! The hound bites you but does no damage.
The hound attacks as you move away! The hound closely misses you.
The hound bites you.
The magic dart hits the hound.
The hound is moderately wounded.
The hound barely misses you.
The magic dart hits the hound.
The hound is heavily wounded.
The hound closely misses you. The hound barely misses you.
The magic dart hits the hound.
The hound is severely wounded.
The hound bites you but does no damage.
The magic dart hits the hound.
The hound is severely wounded.
The hound barely misses you. The hound bites you.
The magic dart hits the hound.
The hound is almost dead.
The hound closely misses you.
The magic dart hits the hound.
You kill the hound!
Menkaure calls on the powers of darkness!
Your body is wracked with pain!
Menkaure calls on the powers of darkness!
Your body is wracked with pain!
* * * LOW HITPOINT WARNING * * *
Menkaure gestures wildly while chanting.
Menkaure seems to speed up.
Menkaure gestures at you while chanting.
Pain shoots through your body!
* * * LOW HITPOINT WARNING * * *
Menkaure points at you and mumbles some strange words.
Pain shoots through your body!
You die...

..°.°°........°
###.###
...........○..○
#...# #
............☼..
#.#.###
............○..
#<##...
..☼....M...°.☼.
#.###..
.☼°............
#.# ###
...............
.#.#####
..........°....
........
.°○....@....°..
...#####
...........°...
### #
..☼............
.○.....>.......
###############


You could see Menkaure (fast).

Vanquished Creatures
  2 hounds (D:4)
  An iguana (D:3)
  2 orc wizards
  4 gnolls (D:4)
  4 adders (D:3)
  3 dart slugs
  9 orcs
  8 ball pythons
  3 endoplasms
  4 giant cockroaches
  7 goblins
  5 hobgoblins
  4 jackals
  9 kobolds
  4 quokkas
  4 bats
  3 frilled lizards
  5 rats
81 creatures vanquished.

Notes
Turn   | Place    | Note
-------+----------+-------------------------------------------
     0 | D:1      | warriortoast the Deep Elf Conjurer began the quest for the
                  | Orb.
     0 | D:1      | Reached XP level 1. HP: 10/10 MP: 6/6
   150 | D:1      | Found a faded altar of an unknown god.
   191 | D:1      | Reached XP level 2. HP: 15/15 MP: 4/8
   472 | D:1      | Found Hubutigg's Jewellery Shoppe.
   612 | D:1      | Found Xaucwaes's Jewellery Boutique.
  1040 | D:2      | Reached XP level 3. HP: 19/19 MP: 6/10
  1044 | D:2      | Learned a level 3 spell: Dazzling Flash
  1106 | D:2      | Reached skill level 5 in Conjurations
  1958 | D:3      | Reached skill level 1 in Hexes
  2086 | D:3      | Reached XP level 4. HP: 24/24 MP: 8/12
  2748 | D:3      | Reached skill level 5 in Spellcasting
  2748 | D:3      | Reached XP level 5. HP: 22/28 MP: 8/14
  3574 | D:4      | Got the Octavo of Transforming Blows and Bruises
  3594 | D:4      | Found Eviydid's Assorted Antiques.
  3594 | D:4      | Noticed a black bear
  3739 | D:4      | Learned a level 4 spell: Fulminant Prism
  3744 | D:4      | Learned a level 4 spell: Iskenderun's Mystic Blast
  3855 | D:4      | Reached skill level 6 in Conjurations
  3890 | D:4      | Reached XP level 6. HP: 28/32 MP: 8/16
  4085 | D:4      | Found a staircase to the Ecumenical Temple.
  4121 | D:4      | Noticed Menkaure
  4159 | D:4      | HP: 1/32 [Menkaure/nerve-wracking pain (10)]
  4165 | D:4      | Killed from afar by Menkaure

Illustrated notes

Levels and vault maps discovered:
D:1:      ncdulo_watergridlock, layout_basic,
          shapermc_ecumenical_altar_mp_ritualfount, serial_shops, shop, shop
D:2:      layout_basic
D:3:      layout_basic
D:4:      layout_loops_ring, lemuel_temple_firewalk_a, kennysheep_windowed_goal,
          uniq_menkaure

Skill      XL: |  1  2  3  4  5 |
---------------+----------------+-----
Spellcasting   | 4 5 |  5.8
Conjurations   | 5 6 |  6.1
Hexes          | 1 2 3 |  3.8
Dodging        | |  2.4
Stealth        | |  2.4

Action                   |  1- 3 |  4- 6 || total
-------------------------+-------+-------++-------
Melee: Short sword       |       |     8 ||     8
 Cast: Magic Dart        |    77 |   102 ||   179
       Dazzling Flash    |       |     1 ||     1
 Stab: Invisible         |       |     1 ||     1
Armor: Robe              |       |     5 ||     5
Dodge: Dodged            |     5 |    22 ||    27
